AoeStats
← ME_DEPRIME_JUGAR_CON_USTEDES

African Clearing

506218267Analyzed
4v4 RM · 21d ago on Sep 12, 2026· 44m 24s· 8 players
Game mode
Random Map
Map size
Large (8 player)
Population
200
Speed
Normal
Resources
Standard
Victory
Conquest
Starting age
Dark Age
Ending age
Imperial Age
RankedLock teamsTeams togetherTeam positionsShared explorationLock speedFull tech treeHidden civsTurbo modeCheats
Victory
Defeat
🇩🇪 Mongols · Germany
1574
+10
🇫🇷 Huns · France
1534
+11
🇸🇰 Teutons · Slovakia
1529
+12
🇨🇳 Turks · China
1526
+12
🇦🇷 Maya · Argentina
1542
-15
🇵🇪 Huns · Peru
1396
-10
🇨🇦 Berbers · Canada
1395
-10
🇨🇳 Koreans · China
1389
-10
Dark Horse
6:19 Loom
11:52 Feudal Age
12:22 Double-Bit Axe
17:36 Wheelbarrow
18:49 Gold Mining
26:08 Castle Age
25:32 Stone Mining
27:10 Town Watch
31:36 Horse Collar
36:17 Fletching
41:45 Marauders
feshark
4:07 Loom
12:54 Feudal Age
17:12 Castle Age
15:49 Double-Bit Axe
18:33 Wheelbarrow
19:52 Scale Barding Armor
19:59 Bloodlines
23:30 Chain Barding Armor
24:14 Horse Collar
26:53 Forging
29:09 Wheelbarrow
29:39 Iron Casting
29:22 Gold Mining
29:44 Bow Saw
29:54 Heavy Plow
35:59 Imperial Age
35:28 Hand Cart
34:59 Town Watch
36:02 Cavalier
37:18 Plate Barding Armor
37:47 Two-Man Saw
38:05 Crop Rotation
39:10 Conscription
39:00 Capped Ram
40:17 Siege Engineers
40:23 Masonry
40:15 Paladin
43:55 Blast Furnace
Internet Explorer
3:07 Loom
11:16 Feudal Age
12:35 Town Watch
17:04 Castle Age
20:20 Double-Bit Axe
21:49 Bow Saw
22:41 Gold Mining
25:24 Fletching
26:17 Padded Archer Armor
28:38 Herbal Medicine
29:57 Bodkin Arrow
33:04 Bloodlines
34:38 Padded Archer Armor
34:51 Husbandry
35:38 Wheelbarrow
38:36 Leather Archer Armor
44:22 Ballistics
第一滴血
13:13 Feudal Age
14:20 Loom
17:01 Castle Age
15:02 Double-Bit Axe
15:55 Horse Collar
17:43 Bloodlines
19:54 Loom
23:58 Wheelbarrow
23:13 Fletching
30:18 Ballistics
31:27 Bodkin Arrow
32:03 Padded Archer Armor
32:37 Gold Mining
33:00 Bow Saw
34:08 Leather Archer Armor
34:30 Hand Cart
34:31 Husbandry
35:55 Thumb Ring
40:14 Imperial Age
41:11 Sipahi
41:09 Bracer
42:09 Heavy Cavalry Archer
44:35 Ring Archer Armor
SkinnyPig
10:50 Loom
13:17 Feudal Age
23:00 Castle Age
22:42 Double-Bit Axe
22:45 Horse Collar
31:16 Fletching
31:27 Padded Archer Armor
34:58 Wheelbarrow
36:13 Heavy Plow
36:25 Bodkin Arrow
41:46 Imperial Age
40:07 Scale Barding Armor
40:12 Forging
41:20 Bloodlines
41:11 Husbandry
44:20 Chain Barding Armor
MasteRk
4:40 Loom
13:53 Feudal Age
18:18 Castle Age
16:35 Double-Bit Axe
19:09 Fletching
21:11 Horse Collar
22:06 Padded Archer Armor
22:03 Bodkin Arrow
22:31 Padded Archer Armor
24:24 Town Watch
25:49 Bloodlines
26:46 Leather Archer Armor
26:37 Scale Barding Armor
28:55 Husbandry
28:49 Gold Mining
31:00 Wheelbarrow
30:36 Bow Saw
31:23 Ballistics
31:52 Stone Mining
35:39 Gold Shaft Mining
39:28 Imperial Age
37:02 Light Cavalry
38:27 Squires
37:48 Pikeman
39:22 Scale Barding Armor
40:12 Thumb Ring
40:28 Bracer
41:13 Chain Barding Armor
42:18 Capped Ram
44:18 Chemistry
44:54 Plate Barding Armor
44:46 Forging
tugou
4:30 Loom
14:10 Feudal Age
18:38 Castle Age
16:43 Double-Bit Axe
19:42 Fletching
20:12 Bow Saw
20:39 Gold Mining
23:03 Bodkin Arrow
25:01 Ballistics
31:54 Fishing Lines
33:25 Stone Mining
33:23 Horse Collar
33:42 Gillnets
ME_DEPRIME_JUGAR_CON_USTEDES
4:04 Loom
11:48 Feudal Age
15:46 Double-Bit Axe
17:53 Fletching
24:18 Castle Age
22:46 Gold Mining
24:33 Crossbowman
27:59 Bodkin Arrow
31:46 Bow Saw
32:21 Horse Collar
33:48 Wheelbarrow
40:11 Hand Cart
39:42 Pikeman
41:06 Forging
41:53 Scale Mail Armor
44:46 Imperial Age
43:25 Chain Mail Armor
43:46 Iron Casting
43:56 Heavy Plow
Connection lost

Rejoining the realm…

Still unreachable

The connection could not be restored.

Session expired

The server has moved on; the page needs a fresh start.